 Dungeon Crawl Stone Soup version 0.20.1-1-g8b1a95d (webtiles) character file.

14 suicidejoker the Sneak (level 2, -3/13 HPs)
             Began as a Spriggan Enchanter on Nov 22, 2017.
             Slain by an adder (5 damage)
             ... on level 1 of the Dungeon.
             The game lasted 00:02:13 (1302 turns).

suicidejoker the Sneak (Spriggan Enchanter)         Turns: 1302, Time: 00:02:14

Health: -3/13      AC:  2    Str:  4    XL:     2   Next: 27%
Magic:  6/6        EV: 19    Int: 16    God:
Gold:   55         SH:  0    Dex: 16    Spells: 5/6 levels left

rFire    . . .     SeeInvis +   a - +1 dagger
rCold    . . .     Gourm    .   (shield restricted)
rNeg     . . .     Faith    .   b - +0 robe
rPois    .         Spirit   .   (helmet restricted)
rElec    .         Reflect  .   (no cloak)
rCorr    .         Harm     .   (gloves unavailable)
MR       .....                  (boots unavailable)
Stlth    +++.......             (no amulet)
Regen    0.1/turn               (no ring)
MPRegen  0.1/turn               (no ring)

@: lethally poisoned (-3 -> -5), flying, very quick
A: unfitting armour, see invisible, herbivore 3, speed 3, slow metabolism 2
a: no special abilities


You were on level 1 of the Dungeon.
You were not hungry.

You visited 1 branch of the dungeon, and saw 1 of its levels.

You collected 55 gold pieces.

Inventory:

Hand Weapons
 a - a +1 dagger (weapon)
 m - a +0 hunting sling
Missiles
 h - 5 needles of frenzy
 n - 62 stones (quivered)
Armour
 b - a +0 robe (worn)
Scrolls
 e - 2 scrolls of random uselessness {unknown}
 f - a scroll of teleportation {unknown}
 j - a scroll of fog {unknown}
 l - a scroll of remove curse
Books
 c - a book of Maledictions

   Spells                             Type                      Level
   a - Corona                         Hexes                        1
   b - Ensorcelled Hibernation        Hexes/Ice                    2
   c - Confuse                        Hexes                        3
   d - Tukima's Dance                 Hexes                        3
   e - Dazzling Spray                 Conjuration/Hexes            3
Comestibles
 d - a bread ration


   Skills:
 + Level 1.4 Short Blades
 + Level 3.5 Dodging
 * Level 4.7 Stealth
 + Level 2.9 Spellcasting
 + Level 3.6 Hexes


You had 5 spell levels left.
You knew the following spells:

 Your Spells              Type           Power        Failure   Level  Hunger
a - Corona                Hex            ##.....      4%          1    #......


Dungeon Overview and Level Annotations

Branches:
Dungeon (1/15)

Altars:


Innate Abilities, Weirdness & Mutations

You are very small and have problems with some larger weapons.
You are too small for most types of armour.
You have supernaturally acute eyesight. (SInv)
You are a herbivore.
You cover ground extremely quickly.
You need consume almost no food.


Message History

You feel sick. The adder bites you but does no damage.
You barely miss the adder.
The adder is heavily wounded.
The adder misses you.
You closely miss the adder.
The adder is heavily wounded.
The adder misses you. The adder barely misses you.
It was a potion of cancellation.
Your magical effects are unravelling.
You feel magically purged.
You feel a little less clever now. The adder closely misses you.
It was a potion of flight.
You feel very buoyant.
You fly up into the air.
You feel sick. The adder bites you.
* * * LOW HITPOINT WARNING * * *
You barely miss the adder.
The adder is heavily wounded.
The adder bites you.
You die...

#..#.#.#..#.# #.#.#......###
#..#.#.#..#.# #.#.#.........
#..#...#>.#.####.#...........
#..#####.......#.##..........
#......#...###.#..........#.#
###.######...........#.........
#............r.........#'#+.#.#
############.S#.##.#.###.#.....
#......@..#+#.###.#..#.#
#.........#.#...........
#############.###.#####.######
#......>......#..<..# #.......
#.#######.#######.#######....#
#.# #.+.............+....+ #.#
#.####.#####.####....# #.#
#...##.#####.####.#### #.#
###.'...[.....+...####


You could see an adder and a rat.

Vanquished Creatures
  2 leopard geckos (D:1)
  A bat (D:1)
  A giant cockroach (D:1)
  2 kobolds (D:1)
  A ball python (D:1)
  2 goblins (D:1)
  2 rats (D:1)
11 creatures vanquished.

Notes
Turn   | Place    | Note
-------+----------+-------------------------------------------
     0 | D:1      | suicidejoker the Spriggan Enchanter began the quest for the Orb.
     0 | D:1      | Reached XP level 1. HP: 9/9 MP: 5/5
   423 | D:1      | Reached XP level 2. HP: 5/13 MP: 6/6
  1302 | D:1      | Slain by an adder

Action                   || total
-------------------------++-------
Melee: Dagger            ||    70
  Use: Scroll            ||     1
       Potion            ||     3
 Stab: Sleeping          ||     1
Armor: Robe              ||    11
Dodge: Dodged            ||    55
